[Event "December 5 Early 2023"]
[Site "https://www.chess.com"]
[Date "2023.12.05"]
[Round "10"]
[White "Martinez Alcantara, Jose Eduardo"]
[Black "Klekowski, Maciej"]
[Result "0-1"]
[Board "12"]
[TimeControl "180+1"]
[WhiteFideId "3805662"]
[BlackFideId "1132717"]
[WhiteElo "2992"]
[BlackElo "2856"]
[WhiteTeam "PER"]
[BlackTeam "POL"]
[WhiteClock "0:00:04"]
[BlackClock "0:00:06"]

1. e4 c5 2. Nf3 e6 3. c3 Nf6 4. Bd3 Nc6 5. Bc2 d5 6. e5 Nd7 7. d4 b5 8. O-O Be7 9. Re1 a5 10. Nbd2 Qb6 11. Nf1 b4 12. Ne3 Ba6 13. a3 cxd4 14. cxd4 O-O-O 15. h4 h6 16. h5 Kb7 17. g3 Rc8 18. Ng2 Qc7 19. Bb1 Nb6 20. Nf4 bxa3 21. bxa3 Ka8 22. Bd2 Nc4 23. Bc1 Rb8 24. Bc2 Rhc8 25. Ba4 Bb5 26. Bxb5 Rxb5 27. Qe2 Rcb8 28. Ra2 Qa7 29. Rd1 a4 30. Rc2 N6a5 31. Bd2 Nxd2 32. Rdxd2 Bxa3 33. Ra2 Nc4 34. Rdc2 Bf8 35. Rxc4 dxc4 36. Qe4+ R8b7 37. d5 Rb1+ 38. Kg2 R1b2 39. Rxb2 Rxb2 40. d6+ Qb7 41. Qxc4 Rb4 42. Qc5 Kb8 43. Nd3 Rb3 44. Qc4 a3 45. Kh3 a2 46. Nc5 Rb4 47. Na6+ Ka7 48. Nxb4 a1=Q 49. Nc6+ Ka8 50. Nfd4 Qaa6 51. Qc1 f6 52. f4 fxe5 53. fxe5 g6 54. Qf4 Bg7 55. hxg6 Qd3 56. Qf7 Qda6 57. Qg8+ Qc8 58. Qxg7 Qf1+ 59. Kg4 Qd1+ 60. Kh3 Qf1+ 61. Kh4 Qh1+ 62. Kg4 Qd1+ 63. Kf4 Qf1+ 64. Ke3 Qe1+ 65. Kf3 Qf1+ 66. Ke4 Qg2+ 67. Kd3 Qa6+ 68. Kc3 Qa3+ 69. Kc4 Qd5# 0-1

[Event "December 5 Early 2023"]
[Site "https://www.chess.com"]
[Date "2023.12.05"]
[Round "10"]
[White "Bocharov, Dmitry"]
[Black "Navara, David"]
[Result "0-1"]
[Board "13"]
[TimeControl "180+1"]
[WhiteFideId "4138716"]
[BlackFideId "309095"]
[WhiteElo "2850"]
[BlackElo "2991"]
[WhiteTeam "RUS"]
[BlackTeam "CZE"]
[WhiteClock "0:00:00"]
[BlackClock "0:01:15"]

1. c4 e5 2. g3 c6 3. d4 e4 4. d5 Nf6 5. Bg2 Bb4+ 6. Bd2 Qe7 7. Nc3 cxd5 8. cxd5 O-O 9. Nh3 Na6 10. O-O d6 11. Ng5 Bf5 12. a3 Bxc3 13. Bxc3 Ng4 14. Nh3 Rfe8 15. Nf4 Rac8 16. Rc1 f6 17. h3 Ne5 18. g4 Bg6 19. f3 Nc4 20. Qd4 exf3 21. exf3 Qe3+ 22. Qxe3 Nxe3 23. Rfe1 Nc5 24. Bh1 Nb3 25. Rb1 Bxb1 26. Rxb1 Nc4 27. Kf2 Nxa3 0-1

[Event "December 5 Early 2023"]
[Site "https://www.chess.com"]
[Date "2023.12.05"]
[Round "10"]
[White "Vakhlamov, Igor L."]
[Black "Nakamura, Hikaru"]
[Result "0-1"]
[Board "14"]
[TimeControl "180+1"]
[WhiteFideId "24126748"]
[BlackFideId "2016192"]
[WhiteElo "2842"]
[BlackElo "3231"]
[WhiteTeam "RUS"]
[BlackTeam "USA"]
[WhiteClock "0:00:00"]
[BlackClock "0:00:12"]

1. e4 g6 2. d4 Bg7 3. Nc3 a6 4. Nf3 b5 5. h4 h6 6. Be3 Bb7 7. Bd3 d6 8. Qd2 Nd7 9. a4 b4 10. Ne2 c5 11. c3 bxc3 12. bxc3 Ngf6 13. Ng3 Ng4 14. h5 Nxe3 15. Qxe3 Qa5 16. O-O cxd4 17. cxd4 O-O 18. Rab1 Bc6 19. hxg6 fxg6 20. e5 Bxf3 21. gxf3 dxe5 22. Bxg6 Rf6 23. Bf5 e6 24. Be4 Raf8 25. Rfd1 exd4 26. Rxd4 Ne5 27. Rdb4 Nxf3+ 28. Bxf3 Rxf3 29. Qxe6+ Kh8 30. Rg4 Qc5 31. Ne4 Qc2 32. Rf1 R3f4 33. Rxf4 Rxf4 34. Ng3 Qxa4 35. Kg2 Rf6 36. Qd5 Qc6 37. Rd1 a5 38. Ne4 Qxd5 39. Rxd5 Ra6 40. Nc5 Ra7 41. Na4 Bf8 42. f4 Bb4 43. Kf3 Kg7 44. Kg4 Kg6 45. Rb5 Ra6 46. f5+ Kf6 47. Kf4 h5 48. Nb2 Bd6+ 49. Kf3 a4 50. Nc4 Bf8 51. Nb6 a3 52. Nd7+ Kf7 53. Nc5 Bxc5 54. Rxc5 a2 55. Rc7+ Kf6 56. Rc6+ Rxc6 0-1

[Event "December 5 Early 2023"]
[Site "https://www.chess.com"]
[Date "2023.12.05"]
[Round "10"]
[White "Bacrot, Etienne"]
[Black "Pranav, V"]
[Result "0-1"]
[Board "15"]
[TimeControl "180+1"]
[WhiteFideId "605506"]
[BlackFideId "25060783"]
[WhiteElo "2839"]
[BlackElo "3057"]
[WhiteTeam "FRA"]
[BlackTeam "IND"]
[WhiteClock "0:00:02"]
[BlackClock "0:00:36"]

1. e4 e5 2. Nf3 Nc6 3. Bc4 Nf6 4. d3 h6 5. Nc3 d6 6. h3 g6 7. g4 Bg7 8. g5 Nh5 9. gxh6 Bxh6 10. Bxh6 Rxh6 11. Qd2 Rh8 12. O-O-O Be6 13. Nd5 Bxd5 14. exd5 Ne7 15. d4 e4 16. Ng5 Nf6 17. Rde1 Rh4 18. Ne6 fxe6 19. Qg5 Nf5 20. Qxg6+ Kf8 21. dxe6 Nh6 22. Rhg1 Qe7 23. d5 Nhg8 24. Rg5 Qh7 25. e7+ Kxe7 26. Qg7+ Qxg7 27. Rxg7+ Kf8 28. Rxc7 Rxh3 29. Rg1 Rh7 30. Rxh7 Nxh7 0-1

[Event "December 5 Early 2023"]
[Site "https://www.chess.com"]
[Date "2023.12.05"]
[Round "10"]
[White "Gharibyan, Mamikon"]
[Black "Bluebaum, Matthias"]
[Result "1/2-1/2"]
[Board "16"]
[TimeControl "180+1"]
[WhiteFideId "13308300"]
[BlackFideId "24651516"]
[WhiteElo "2824"]
[BlackElo "3026"]
[WhiteTeam "ARM"]
[BlackTeam "GER"]
[WhiteClock "0:00:09"]
[BlackClock "0:00:22"]

1. e4 e6 2. d4 d5 3. e5 c5 4. c3 Nc6 5. Nf3 Nge7 6. Na3 Bd7 7. Nc2 Qa5 8. dxc5 Ng6 9. b4 Qc7 10. a4 Ncxe5 11. a5 Be7 12. Be2 O-O 13. O-O b6 14. cxb6 axb6 15. Nxe5 Nxe5 16. axb6 Qxb6 17. Be3 Qc7 18. Qd4 Bd6 19. b5 Rxa1 20. Rxa1 Rb8 21. Ra7 Rb7 22. Ra8+ Rb8 23. b6 Qd8 24. Rxb8 Qxb8 25. Nb4 Nc6 26. Nxc6 Bxc6 27. f4 h6 28. Kf2 Bb7 29. g3 Qc8 30. Qd2 e5 31. fxe5 Bxe5 32. Bd4 Bd6 33. Bf3 Qh3 34. Kg1 Ba6 35. Qe1 Qf5 36. Be2 Qe4 37. Kf2 Qc2 38. Kf1 Bc8 39. Kg1 Qe4 40. Kf2 Bh3 41. Bf3 Qc2+ 42. Qe2 Qb1 43. Bxd5 Bd7 44. Bf3 Bb5 45. c4 Bd7 46. Kg2 Qf5 47. Qf2 h5 48. c5 h4 49. c6 h3+ 50. Kg1 Be6 51. Qf1 Bc5 52. Bxc5 Qxc5+ 53. Kh1 Qxb6 54. g4 Qe3 55. c7 Qc3 56. Qxh3 Qc1+ 57. Kg2 Qxc7 58. Qg3 Qc2+ 59. Qf2 Qc3 60. h3 g6 61. Qg3 Qb2+ 62. Qf2 Qf6 63. h4 Qf4 64. Qg3 Qd4 65. Qf2 Qc4 66. Qg3 Kh7 67. g5 Qc2+ 68. Qf2 Qf5 69. Qg3 Qb5 70. Qf2 Qe5 71. Qg3 Qd4 72. Qf2 Qb4 73. Qg3 Qd2+ 74. Qf2 Qd3 75. Qg3 Bf5 76. Qf2 Qc4 77. Qg3 Qa4 78. Qf2 Qd7 79. Qg3 Qe6 80. Qf2 Bh3+ 81. Kh2 Bf5 82. Kg2 Qe5 83. Qg3 Qd4 84. Qf2 Qb4 85. Qg3 Be4 86. Bxe4 Qxe4+ 87. Kh2 Qe2+ 88. Kg1 Qd1+ 89. Kf2 Qc2+ 90. Kf1 Qb1+ 91. Kg2 Kg8 92. Qf4 Qc2+ 93. Kg3 Qd3+ 94. Kg2 Qe2+ 95. Kg3 Qe1+ 96. Kg2 Qb1 97. Kg3 Qg1+ 98. Kh3 Qh1+ 99. Kg3 Qa8 100. Kh2 Qa2+ 101. Kg3 Qb2 102. Kf3 Qc3+ 103. Kg2 Qb2+ 104. Kg3 Qc3+ 105. Kg2 Qb2+ 106. Kg3 Qc3+ 107. Kg2 1/2-1/2

[Event "December 5 Early 2023"]
[Site "https://www.chess.com"]
[Date "2023.12.05"]
[Round "10"]
[White "Rustemov, Alexander"]
[Black "Grigoriants, Sergey"]
[Result "0-1"]
[Board "17"]
[TimeControl "180+1"]
[WhiteFideId "4119002"]
[BlackFideId "4130804"]
[WhiteElo "2834"]
[BlackElo "2937"]
[WhiteTeam "RUS"]
[BlackTeam "HUN"]
[WhiteClock "0:00:05"]
[BlackClock "0:00:46"]

1. d4 Nf6 2. c4 g6 3. Nf3 Bg7 4. g3 c5 5. Bg2 Qa5+ 6. Qd2 Qxd2+ 7. Nbxd2 cxd4 8. Nxd4 Nc6 9. N2b3 Ng4 10. e3 Nge5 11. c5 a5 12. Ke2 a4 13. Nxc6 bxc6 14. Nd4 Ba6+ 15. Kd2 Nd3 16. f4 Nxc5 17. Nxc6 Bb7 18. Kc2 Bxc6 19. Bxc6 dxc6 20. Rb1 f5 21. Bd2 Ne4 22. Bb4 c5 23. Bc3 Kf7 24. Rhd1 Rhd8 25. Be1 Ke6 26. Rd3 Rxd3 27. Kxd3 Rb8 28. Kc2 c4 29. h3 h5 30. h4 Bf6 0-1

[Event "December 5 Early 2023"]
[Site "https://www.chess.com"]
[Date "2023.12.05"]
[Round "10"]
[White "Kamsky, Gata"]
[Black "BestStelker"]
[Result "1/2-1/2"]
[Board "18"]
[TimeControl "180+1"]
[WhiteFideId "2000024"]
[WhiteElo "2936"]
[BlackElo "2820"]
[WhiteTeam "USA"]
[WhiteClock "0:00:20"]
[BlackClock "0:00:06"]

1. e4 c6 2. d4 d5 3. e5 Bf5 4. Nf3 e6 5. Be2 Nd7 6. O-O a5 7. a4 f6 8. Bf4 fxe5 9. dxe5 Bc5 10. Nbd2 Ne7 11. Nb3 Bb6 12. Nbd4 O-O 13. Bg3 Nc5 14. Nh4 Qd7 15. Nhxf5 Nxf5 16. Nxf5 exf5 17. Bf4 Ne6 18. Qd2 Qe7 19. c3 Nxf4 20. Qxf4 Rae8 21. Rfe1 Qxe5 22. Qxe5 Rxe5 23. Bd3 Rfe8 24. Kf1 g6 25. Rxe5 Rxe5 26. Re1 Rxe1+ 27. Kxe1 Kf7 28. Ke2 Ke6 29. h3 h5 30. g3 g5 31. f3 Ke5 32. g4 fxg4 33. fxg4 h4 34. Kf3 Bc5 35. Bf5 Kd6 36. Ke2 Bg1 37. Bc8 Kc7 38. Bf5 Bh2 39. Kd3 Bf4 40. b3 b6 41. c4 Kd6 42. cxd5 Kxd5 43. Be4+ Kc5 44. Bf3 Be5 45. Be4 b5 46. Bf3 Bf6 47. Be4 Kd6 48. Bf3 bxa4 49. bxa4 Kc5 50. Be4 Kd6 51. Bf3 c5 52. Be2 Ke5 53. Ke3 Be7 54. Bc4 Bd8 55. Bb3 Bc7 56. Ba2 Kf6 57. Ke4 Bf4 58. Kd5 Be3 59. Bc4 Bd4 60. Bb5 Ke7 61. Bc4 Kd7 62. Bb5+ Ke7 63. Bc4 Kd7 64. Bb5+ Ke7 1/2-1/2

[Event "December 5 Early 2023"]
[Site "https://www.chess.com"]
[Date "2023.12.05"]
[Round "10"]
[White "Vasquez Schroeder, Rodrigo"]
[Black "Yuan, Qingyu"]
[Result "0-1"]
[Board "19"]
[TimeControl "180+1"]
[WhiteFideId "3400042"]
[BlackFideId "8609772"]
[WhiteElo "2917"]
[BlackElo "2818"]
[WhiteTeam "CHI"]
[BlackTeam "CHN"]
[WhiteClock "0:00:04"]
[BlackClock "0:00:06"]

1. e4 e5 2. Nf3 Nc6 3. Bb5 Nf6 4. d3 Bc5 5. c3 d5 6. Qe2 dxe4 7. dxe4 O-O 8. Bg5 a5 9. Nbd2 Qe7 10. O-O h6 11. Bh4 Bg4 12. h3 Bh5 13. g4 Bg6 14. Bxc6 bxc6 15. Nc4 Bd6 16. Nfd2 Qe6 17. f3 Bc5+ 18. Kg2 a4 19. b4 axb3 20. axb3 Nd7 21. b4 Bb6 22. Bf2 f6 23. Nb3 Bf7 24. Nba5 Rfd8 25. Rfd1 Kh8 26. Ne3 Bxe3 27. Bxe3 Nb6 28. Rxd8+ Rxd8 29. Nb7 Rb8 30. Nc5 Qe7 31. Ra7 Nc4 32. Ra1 Rd8 33. Kg3 Qd6 34. Bf2 Qe7 35. Rd1 Rd6 36. Nb7 Rd7 37. Na5 Rxd1 38. Qxd1 Qe8 39. Qa4 Be6 40. Qxc6 Qxc6 41. Nxc6 Bd7 42. Ne7 c6 43. Bc5 Kh7 44. Kf2 Nb2 45. Ke2 g5 46. Kd2 Kg7 47. Kc2 Nc4 48. Kd3 Nb2+ 49. Kc2 Nc4 50. Kb3 Nd2+ 51. Kc2 Nxf3 52. Kd3 Kf7 53. Ke2 Nh4 54. c4 Ng6 55. Nxg6 Kxg6 56. Kd3 h5 57. gxh5+ Kxh5 58. Be7 Kg6 59. Ke3 Bxh3 60. b5 cxb5 61. cxb5 Bd7 62. b6 Bc6 63. Kf3 f5 64. Ke3 Bxe4 65. Bd8 Bb7 66. Bc7 f4+ 67. Kf2 Kf5 68. Ke2 e4 69. Kd2 g4 70. Ke2 g3 0-1

[Event "December 5 Early 2023"]
[Site "https://www.chess.com"]
[Date "2023.12.05"]
[Round "10"]
[White "Vokhidov, Shamsiddin"]
[Black "Nguyen, Quoc Hy"]
[Result "1/2-1/2"]
[Board "20"]
[TimeControl "180+1"]
[WhiteFideId "14204223"]
[BlackFideId "12410853"]
[WhiteElo "2914"]
[BlackElo "2817"]
[WhiteTeam "UZB"]
[BlackTeam "VIE"]
[WhiteClock "0:00:14"]
[BlackClock "0:00:06"]

1. e4 c5 2. Nf3 d6 3. d4 cxd4 4. Nxd4 Nf6 5. Nc3 a6 6. a4 Nc6 7. Nxc6 bxc6 8. a5 e6 9. Bd3 Be7 10. O-O O-O 11. Re1 Bb7 12. e5 dxe5 13. Rxe5 c5 14. Qe2 Qc7 15. h3 Qc6 16. Ne4 c4 17. Nxf6+ Bxf6 18. Be4 Qc7 19. Bxb7 Qxb7 20. Rc5 Bxb2 21. Rb1 Qe7 22. Qxc4 Bxc1 23. Rxc1 h6 24. Rb1 Rfd8 25. Rc6 Qf6 26. Rxa6 Rxa6 27. Qxa6 Rd2 28. Qa8+ Kh7 29. Qe4+ g6 30. Qf3 Qxf3 31. gxf3 Rxc2 32. Ra1 Rc7 33. a6 Ra7 34. f4 g5 35. Kg2 gxf4 36. Kf3 e5 37. Ke4 f6 38. Kd5 Kg6 39. Kc6 e4 40. Kb6 Ra8 41. Kb7 Re8 42. a7 Kg5 43. Rg1+ Kf5 44. Re1 Ke5 45. a8=Q Rxa8 46. Kxa8 Kd4 47. Rd1+ Kc3 48. Rd6 e3 49. fxe3 fxe3 50. Rxf6 e2 51. Re6 Kd2 52. Rd6+ Kc2 53. Re6 Kd2 54. Rd6+ Kc2 55. Re6 Kd2 1/2-1/2

[Event "December 5 Early 2023"]
[Site "https://www.chess.com"]
[Date "2023.12.05"]
[Round "10"]
[White "Dragnev, Valentin"]
[Black "Kazakouski, Valery"]
[Result "1-0"]
[Board "21"]
[TimeControl "180+1"]
[WhiteFideId "1634852"]
[BlackFideId "13507443"]
[WhiteElo "2808"]
[BlackElo "2871"]
[WhiteTeam "AUT"]
[BlackTeam "LTU"]
[WhiteClock "0:00:30"]
[BlackClock "0:00:15"]

1. d4 Nf6 2. Nf3 d5 3. Bf4 e6 4. e3 Bd6 5. Bg3 b6 6. Nbd2 O-O 7. c4 Bb7 8. cxd5 exd5 9. Bd3 c5 10. O-O Nc6 11. dxc5 bxc5 12. Rc1 Bxg3 13. hxg3 Qb6 14. b3 a5 15. Bb1 Ba6 16. Re1 Nb4 17. a3 Nd3 18. Bxd3 Bxd3 19. Ne5 Bf5 20. g4 Be6 21. g5 Nd7 22. Nxd7 Bxd7 23. e4 d4 24. Nc4 Qa6 25. Ne5 Be6 26. Rxc5 Qd6 27. b4 axb4 28. axb4 Rfb8 29. Nc6 Rb6 30. e5 Qd7 31. b5 d3 32. Qf3 Re8 33. Rd1 Bf5 34. Rd5 Qe6 35. Rd6 Qb3 36. Ne7+ 1-0

[Event "December 5 Early 2023"]
[Site "https://www.chess.com"]
[Date "2023.12.05"]
[Round "10"]
[White "Thorfinnsson, Bjorn"]
[Black "Klukin, Kirill"]
[Result "0-1"]
[Board "22"]
[TimeControl "180+1"]
[WhiteFideId "2300982"]
[BlackFideId "24199273"]
[WhiteElo "2588"]
[BlackElo "2850"]
[WhiteTeam "ISL"]
[BlackTeam "RUS"]
[WhiteClock "0:00:17"]
[BlackClock "0:00:31"]

1. d4 Nf6 2. Nf3 e6 3. Bg5 d5 4. e3 Be7 5. Bd3 Nbd7 6. c3 h6 7. Bh4 Ne4 8. Bxe7 Qxe7 9. Nbd2 f5 10. O-O O-O 11. c4 c6 12. Rc1 g5 13. Ne1 Ndf6 14. f3 Nxd2 15. Qxd2 e5 16. dxe5 Qxe5 17. cxd5 Nxd5 18. e4 Nf4 19. Bb1 Be6 20. g3 Nh3+ 21. Kg2 Rad8 22. Qe2 Qa5 23. Nd3 fxe4 24. fxe4 Qb6 25. Rxf8+ Rxf8 26. Rf1 Rxf1 27. Qxf1 Qd4 28. b3 Qxe4+ 29. Qf3 Qxf3+ 30. Kxf3 Bf5 31. g4 Bxd3 32. Bxd3 Nf4 33. Bf5 Kf7 34. Bc8 b6 35. h4 Kf6 36. hxg5+ hxg5 37. Ke4 Nd5 38. Bb7 Nc3+ 39. Kd3 Nxa2 40. Kc4 c5 41. Kb5 Nb4 42. Be4 Ke5 43. Bf5 Kd6 44. Kc4 a6 45. Be4 b5+ 46. Kc3 Ke5 47. Bb7 Kf4 48. Bc8 Ke3 49. Bd7 Nd5+ 50. Kc2 Kd4 51. Bc8 a5 52. Bd7 b4 53. Be6 Ne3+ 54. Kd2 c4 55. bxc4 Nxc4+ 56. Kc2 a4 57. Bd7 Nb6 58. Bf5 Kc5 59. Kb2 Nc4+ 60. Kc2 b3+ 61. Kc3 Nb6 62. Bc8 Nd5+ 63. Kb2 Kb4 64. Be6 a3+ 65. Ka1 b2+ 66. Kb1 Nc3+ 67. Kc2 b1=Q+ 0-1

[Event "December 5 Early 2023"]
[Site "https://www.chess.com"]
[Date "2023.12.05"]
[Round "10"]
[White "Nagare Kaivalya Sandip"]
[Black "Paravyan, David"]
[Result "0-1"]
[Board "23"]
[TimeControl "180+1"]
[WhiteFideId "25957929"]
[BlackFideId "4194985"]
[WhiteElo "2702"]
[BlackElo "2990"]
[WhiteTeam "IND"]
[BlackTeam "FID"]
[WhiteClock "0:00:02"]
[BlackClock "0:00:05"]

1. e4 e5 2. Nf3 Nf6 3. d4 Nxe4 4. Bd3 d5 5. Nxe5 Nd7 6. Nxd7 Bxd7 7. O-O Bd6 8. Nc3 Nxc3 9. bxc3 O-O 10. Qh5 f5 11. Rb1 b5 12. Re1 c6 13. Bg5 Qc7 14. Re3 g6 15. Qh4 Rae8 16. Rbe1 Rxe3 17. Rxe3 Re8 18. Be7 Bxe7 19. Rxe7 Rxe7 20. Qxe7 Qc8 21. h4 Qe8 22. Qf6 a5 23. Kh2 a4 24. Kg3 Qb8+ 25. Kf3 Qf8 26. Qxf8+ Kxf8 27. Kf4 a3 28. Ke5 Ke7 29. f4 h5 30. g3 Be6 31. Be2 Bf7 32. Bd3 Be8 33. Be2 Kd7 34. Bd3 Kc7 35. Ke6 c5 36. dxc5 Kc6 37. Ke7 Bd7 38. Kf7 Kxc5 39. Kxg6 b4 40. Kxh5 d4 41. cxb4+ Kxb4 42. Kg5 Be6 43. h5 Bxa2 44. h6 Bg8 45. Bxf5 a2 46. Be6 Bxe6 47. h7 a1=Q 48. h8=Q Bc4 49. Qb8+ Kc3 50. Qc7 Qa6 51. f5 Kxc2 52. f6 Qe6 53. g4 d3 54. Qh2+ d2 55. Qf2 Kc1 56. Qf4 Qd5+ 57. Kh6 Kb1 58. Qb8+ Kc2 59. Qh2 Qd4 60. g5 Kc1 61. f7 Qh8+ 62. Kg6 Bxf7+ 63. Kxf7 Qxh2 64. g6 d1=Q 0-1

[Event "December 5 Early 2023"]
[Site "https://www.chess.com"]
[Date "2023.12.05"]
[Round "10"]
[White "Sokolovsky, Yahli"]
[Black "Maksimovic, Bojan"]
[Result "0-1"]
[Board "24"]
[TimeControl "180+1"]
[WhiteFideId "2820242"]
[BlackFideId "14408120"]
[WhiteElo "2756"]
[BlackElo "2925"]
[WhiteTeam "ISR"]
[BlackTeam "BIH"]
[WhiteClock "0:00:01"]
[BlackClock "0:01:29"]

1. b3 Nf6 2. Bb2 g6 3. c4 Bg7 4. g3 O-O 5. Bg2 d6 6. Nf3 e5 7. d3 Re8 8. O-O a5 9. Nc3 Na6 10. Qd2 c6 11. e4 Nc5 12. h3 Qb6 13. Rab1 a4 14. Nxa4 Nxa4 15. bxa4 Qa5 16. Qxa5 Rxa5 17. Ba3 Bf8 18. Rb3 Rxa4 19. Rfb1 Nd7 20. Kf1 f6 21. h4 f5 22. Ng1 fxe4 23. Bxe4 d5 24. Bxf8 dxe4 25. Bb4 exd3 26. Rxd3 c5 27. Bd2 Rxc4 28. Ne2 b6 29. Nc3 Rd4 30. Rxd4 exd4 31. Nd5 Re6 32. Bf4 Ba6+ 33. Kg1 Bc4 34. Nc7 Rc6 35. a4 Kf7 36. Rc1 Bb3 37. a5 bxa5 38. Nb5 Rb6 39. Nd6+ Ke6 40. Re1+ Kd5 41. Nc8 Re6 42. Ne7+ Rxe7 43. Rxe7 Kc6 44. Kf1 a4 45. Ke1 a3 46. Kd2 a2 47. Re1 c4 48. Ra1 c3+ 49. Kd3 Kd5 50. Ke2 Nc5 51. Bc1 d3+ 52. Ke3 Kc4 53. Ba3 d2 54. Bxc5 Kxc5 55. Ke2 d1=Q+ 0-1

[Event "December 5 Early 2023"]
[Site "https://www.chess.com"]
[Date "2023.12.05"]
[Round "10"]
[White "Demchenko, Anton"]
[Black "Mamedov, Edgar"]
[Result "0-1"]
[Board "25"]
[TimeControl "180+1"]
[WhiteFideId "4160258"]
[BlackFideId "13739980"]
[WhiteElo "2897"]
[BlackElo "2747"]
[WhiteTeam "SLO"]
[BlackTeam "KAZ"]
[WhiteClock "0:00:00"]
[BlackClock "0:00:19"]

1. e4 c5 2. Nc3 e6 3. Nf3 Nc6 4. a3 Nf6 5. Bb5 Qc7 6. O-O a6 7. Bxc6 Qxc6 8. Re1 Be7 9. d4 cxd4 10. Nxd4 Qc4 11. e5 Nd5 12. Ne4 b5 13. Qg4 Kf8 14. c3 h5 15. Qf3 Bb7 16. Bg5 Qc7 17. Bxe7+ Nxe7 18. Qg3 h4 19. Qg5 h3 20. g3 Ng6 21. Nd6 Bd5 22. Re3 Kg8 23. f4 Rh6 24. Qg4 Rf8 25. Ne4 Kh8 26. Qe2 f6 27. exf6 gxf6 28. Re1 Rg8 29. Nxf6 Nxf4 30. Qd2 Rxf6 31. Re5 d6 32. R5e3 e5 33. Ne2 Ng2 34. Qxd5 Nxe3 35. Qe4 Ng4 36. Nd4 exd4 37. Qxd4 Qc5 0-1

[Event "December 5 Early 2023"]
[Site "https://www.chess.com"]
[Date "2023.12.05"]
[Round "10"]
[White "Harutjunyan, Gevorg"]
[Black "Zou, Chen"]
[Result "1-0"]
[Board "26"]
[TimeControl "180+1"]
[WhiteFideId "13300873"]
[BlackFideId "8610959"]
[WhiteElo "2890"]
[BlackElo "2756"]
[WhiteTeam "ARM"]
[BlackTeam "CHN"]
[WhiteClock "0:00:06"]
[BlackClock "0:00:03"]

1. e4 e5 2. Nf3 Nc6 3. d4 exd4 4. Nxd4 Nf6 5. Nc3 Bb4 6. Nxc6 bxc6 7. Bd3 d5 8. exd5 O-O 9. O-O cxd5 10. h3 c6 11. Qf3 Bd6 12. Bf4 Rb8 13. b3 Rb4 14. Ne2 Re8 15. a3 Rb7 16. Nd4 Bxf4 17. Qxf4 c5 18. Nb5 Re6 19. Rfe1 a6 20. Nc3 Rbe7 21. Rxe6 Rxe6 22. Qb8 Nd7 23. Qa7 Qb6 24. Qa8 Qb7 25. Qxb7 Bxb7 26. Bf5 Re7 27. Na4 c4 28. bxc4 dxc4 29. Rb1 Nf8 30. Nc5 Re5 31. Bxh7+ Kxh7 32. Nxb7 Re2 33. Rc1 Ne6 34. Nd6 Nd4 35. Nxc4 Re4 36. Kf1 Nb5 37. Nd2 Rd4 38. Nf3 Rc4 39. Ne5 Rc7 40. a4 Nd4 41. c3 Nb3 42. Rc2 Nd4 43. Rd2 Nb3 44. Rd7 Rxc3 45. Nxf7 Rc1+ 46. Ke2 Rc2+ 47. Ke3 Ra2 48. Ng5+ Kg6 49. Nf3 Nc5 50. Rd6+ Kf7 51. Ne5+ Ke7 52. Rc6 Ra3+ 53. Kf4 Ne6+ 54. Kg4 Rxa4+ 55. Kg3 Nd4 56. Rg6 Kd8 57. f4 Ne2+ 58. Kf3 Nxf4 59. Rxg7 Ne6 60. Ra7 Ke8 61. g4 a5 62. h4 Ra3+ 63. Ke4 a4 64. g5 Ra1 65. Kf5 Nd4+ 66. Kf6 Rf1+ 67. Kg6 Ra1 68. h5 a3 69. h6 a2 70. h7 Rh1 71. Rxa2 Ne6 72. Ra8+ Ke7 73. h8=Q Nf4+ 74. Kf5 Rf1 75. Qf6# 1-0

[Event "December 5 Early 2023"]
[Site "https://www.chess.com"]
[Date "2023.12.05"]
[Round "10"]
[White "Sahakyan, Aleks"]
[Black "Baskakov, Egor"]
[Result "0-1"]
[Board "27"]
[TimeControl "180+1"]
[WhiteFideId "13316338"]
[BlackFideId "24197866"]
[WhiteElo "2732"]
[BlackElo "2888"]
[WhiteTeam "ARM"]
[BlackTeam "RUS"]
[WhiteClock "0:00:00"]
[BlackClock "0:00:02"]

1. e4 c5 2. Nc3 Nc6 3. Bb5 g6 4. Bxc6 dxc6 5. d3 e5 6. f4 exf4 7. Bxf4 Bg7 8. Nf3 Ne7 9. O-O h6 10. Qd2 g5 11. Be3 b6 12. Rad1 f5 13. d4 f4 14. Bf2 cxd4 15. Bxd4 O-O 16. Bxg7 Qxd2 17. Rxd2 Kxg7 18. Rd6 Bg4 19. Ne5 Bh5 20. Nxc6 Nxc6 21. Rxc6 Rad8 22. Nd5 Rf7 23. c4 Be2 24. Re1 f3 25. gxf3 Bxf3 26. h3 h5 27. Nc7 Rd2 28. Ne6+ Kf6 29. Nd8+ Kg7 30. Nxf7 Kxf7 31. Rf1 Rg2+ 32. Kh1 Rf2+ 33. Kg1 Rg2+ 34. Kh1 g4 35. hxg4 hxg4 36. Rc7+ Kf6 37. Rxa7 Ke5 38. Rf7 Rf2+ 39. Kg1 Rg2+ 40. Kh1 Rg3+ 0-1

[Event "December 5 Early 2023"]
[Site "https://www.chess.com"]
[Date "2023.12.05"]
[Round "10"]
[White "Gabrielian, Artur"]
[Black "Bardyk, Artem"]
[Result "1-0"]
[Board "28"]
[TimeControl "180+1"]
[WhiteFideId "4131002"]
[BlackFideId "34349979"]
[WhiteElo "2732"]
[BlackElo "2875"]
[WhiteTeam "RUS"]
[BlackTeam "RUS"]
[WhiteClock "0:00:44"]
[BlackClock "0:00:05"]

1. e4 c6 2. d4 d5 3. e5 Bf5 4. h4 h5 5. Bd3 Bxd3 6. Qxd3 Qa5+ 7. Nd2 e6 8. Nf3 Nh6 9. O-O Nf5 10. a4 Be7 11. Nb3 Qa6 12. Qd1 Nd7 13. g3 c5 14. Bg5 Bxg5 15. Nxg5 c4 16. Nc1 c3 17. bxc3 Rc8 18. Ne2 Nb6 19. Qd3 Nc4 20. Nf4 g6 21. a5 O-O 22. Kg2 Rc7 23. Rfb1 Rfc8 24. Rb4 Rc6 25. Qe2 b6 26. Kh2 bxa5 27. Nxh5 Nce3 28. Nf6+ Kg7 29. Qxa6 Rxa6 30. fxe3 Rxc3 31. Rb7 Rxc2+ 32. Kh3 Nh6 33. Rxa5 Rxa5 34. Nxe6+ Kh8 35. Rb8+ Ng8 36. Rxg8# 1-0

[Event "December 5 Early 2023"]
[Site "https://www.chess.com"]
[Date "2023.12.05"]
[Round "10"]
[White "Kozak, Antoni"]
[Black "Gokerkan, Cem Kaan"]
[Result "1-0"]
[Board "29"]
[TimeControl "180+1"]
[WhiteFideId "21832030"]
[BlackFideId "6336760"]
[WhiteElo "2725"]
[BlackElo "2867"]
[WhiteTeam "POL"]
[BlackTeam "TUR"]
[WhiteClock "0:00:16"]
[BlackClock "0:00:02"]

1. e4 e5 2. Nf3 Nf6 3. Nc3 Nc6 4. Bb5 Bb4 5. O-O O-O 6. d3 Bxc3 7. bxc3 d6 8. Re1 h6 9. d4 exd4 10. cxd4 a6 11. Bd3 Re8 12. c3 Bg4 13. Bf4 b5 14. h3 Bh5 15. g4 Bg6 16. Qc2 d5 17. e5 Bxd3 18. Qxd3 Ne4 19. Nh2 Qh4 20. Re2 Ne7 21. Kg2 Ng6 22. Bg3 Qg5 23. Qe3 Qd8 24. f4 f6 25. f5 Ne7 26. e6 c5 27. Rd1 Rc8 28. dxc5 Rxc5 29. Rd3 Qc8 30. Nf3 Qb7 31. Bd6 Rc6 32. Bxe7 Qxe7 33. Rxd5 Nxc3 34. Rd7 Qb4 35. Red2 h5 36. Rd8 Rc8 37. Rxc8 Rxc8 38. e7 Re8 39. Rd8 hxg4 40. Rxe8+ Kf7 41. Rf8# 1-0

[Event "December 5 Early 2023"]
[Site "https://www.chess.com"]
[Date "2023.12.05"]
[Round "10"]
[White "Matinian, Nikita"]
[Black "Kuzubov, Yuriy"]
[Result "0-1"]
[Board "30"]
[TimeControl "180+1"]
[WhiteFideId "24129100"]
[BlackFideId "14112906"]
[WhiteElo "2721"]
[BlackElo "2859"]
[WhiteTeam "FID"]
[BlackTeam "UKR"]
[WhiteClock "0:00:02"]
[BlackClock "0:00:09"]

1. e4 c5 2. Nf3 Nc6 3. Bb5 d6 4. c3 Nf6 5. e5 dxe5 6. Nxe5 Qd5 7. Nxc6 bxc6 8. Be2 Bf5 9. O-O Rd8 10. Qa4 e5 11. Na3 Bd6 12. Nc4 e4 13. Nxd6+ Rxd6 14. Qxa7 O-O 15. b3 Bg4 16. Bc4 Qh5 17. Ba3 Bf3 18. Rfe1 Ng4 19. h3 Nxf2 20. Qxc5 Nxh3+ 21. Kh2 Qg4 22. gxf3 Qf4+ 23. Kh1 Qxf3+ 24. Kh2 Nf4 25. Qxc6 Qg2# 0-1

[Event "December 5 Early 2023"]
[Site "https://www.chess.com"]
[Date "2023.12.05"]
[Round "10"]
[White "Finek, Vaclav"]
[Black "Novozhilov, Semen"]
[Result "1-0"]
[Board "31"]
[TimeControl "180+1"]
[WhiteFideId "23718293"]
[BlackFideId "24289167"]
[WhiteElo "2837"]
[BlackElo "2718"]
[WhiteTeam "CZE"]
[BlackTeam "RUS"]
[WhiteClock "0:00:35"]
[BlackClock "0:00:18"]

1. d4 Nf6 2. Nf3 e6 3. g3 c5 4. Bg2 cxd4 5. O-O d5 6. Nxd4 e5 7. Nb3 Nc6 8. Bg5 Be6 9. Bxf6 gxf6 10. Nc3 d4 11. Ne4 Be7 12. Nec5 Bc8 13. c3 dxc3 14. bxc3 O-O 15. Qxd8 Rxd8 16. Rfd1 Rxd1+ 17. Rxd1 Rb8 18. h3 b6 19. Nd7 Rb7 20. Bxc6 Rc7 21. Ba4 Rxc3 22. Nb8 Be6 23. Nc6 Ba3 24. Nxa7 Bxh3 25. Nb5 Rc4 26. Rd8+ Bf8 27. Ra8 h5 28. Nd6 Rc7 29. Ne4 Kg7 30. Nxf6 Kxf6 31. Rxf8 Ra7 32. Bb5 Be6 33. Rb8 Rxa2 34. Rxb6 Kg5 35. Nc5 Bf5 36. Bd3 Bg4 37. Ne4+ Kf5 38. Rf6# 1-0